 Dungeon Crawl Stone Soup version 0.29.1-12-g30fa7ad0bf (webtiles) character file.

Game seed: 622325626310060742

129 xian the Trooper (level 5, 0/57 HPs)
             Began as an Ogre Abyssal Knight on Jan 6, 2023.
             Was a Priest of Lugonu.
             Slain by an ogre
             ... wielding a +0 giant club
              (21 damage)
             ... on level 4 of the Dungeon.
             The game lasted 00:05:07 (2577 turns).

xian the Trooper (Ogre Abyssal Knight)              Turns: 2577, Time: 00:05:07

Health: 0/57       AC:  3    Str: 19    XL:     5   Next: 12%
Magic:  6/7        EV: 10    Int: 11    God:    Lugonu [***...]
Gold:   169        SH:  0    Dex:  9    Spells: 4/4 levels left

rFire   . . .      SeeInvis .   l - +2 short sword (venom)
rCold   . . .      Faith    .   (no shield)
rNeg    . . .      Spirit   .   b - +0 robe
rPois   .          Reflect  .   (helmet restricted)
rElec   .          Harm     .   (no cloak)
rCorr   .          Rampage  .   (gloves unavailable)
Will    .....                   (boots unavailable)
Stlth   +.........              (no amulet)
HPRegen 0.19/turn               (no ring)
MPRegen 0.10/turn               (no ring)

@: no status effects
A: large, unfitting armour, tough skin 1
a: Renounce Religion, Depart the Abyss, Bend Space, Banish


You were on level 4 of the Dungeon.
You worshipped Lugonu.
Lugonu was most pleased with you.
You visited 1 branch of the dungeon, and saw 4 of its levels.
You visited the Abyss 1 time.

You collected 169 gold pieces.

Inventory:

Hand Weapons
 a - a +1 hand axe
 l - a +2 short sword of venom (weapon)
Missiles
 i - 3 poisoned darts (quivered)
 n - 14 stones
Armour
 b - a +0 robe (worn)
Scrolls
 e - a scroll of immolation
 h - a scroll of butterflies {unknown}
 m - a scroll of silence
 p - a scroll of blinking
 q - a scroll of magic mapping
 r - a scroll of teleportation
Potions
 c - a potion of ambrosia {unknown}
 d - a potion of cancellation {unknown}
 f - 2 potions of flight {unknown}
 g - 3 potions of degeneration {unknown}
 j - a potion of curing {unknown}
 k - a potion of lignification {unknown}
 o - a potion of might {unknown}


   Skills:
 + Level 5.3 Fighting
 + Level 1.3 Short Blades
 + Level 2.9 Axes
 + Level 2.8 Dodging
 * Level 2.6 Invocations


You had 4 spell levels left.
You didn't know any spells.
Your spell library was empty.

Dungeon Overview and Level Annotations

Branches:
Dungeon (4/15)
 Temple: D:4-7

Altars:


Innate Abilities, Weirdness & Mutations

You are too large for most types of armour.
You have tough skin. (AC +1)


Message History

You closely miss the orc priest.
The orc priest is almost dead.
You kill the orc priest!
Lugonu accepts your kill. The orc hits you with a +0 flail.
You have reached level 5!
You hit the orc.
The orc is poisoned.
The orc is almost dead.
You kill the orc!
Lugonu accepts your kill.
An orc comes into view. It is wielding a +0 hand axe.
The orc shouts!
You see here a +0 flail.
An orc warrior comes into view. It is wielding a +0 long sword.
The orc warrior shouts!
There is a stone staircase leading down here.
You climb downwards.
Found a scroll of identify.
Found a stone staircase leading down.
There is a stone staircase leading up here.
You are too injured to fight recklessly!
Throw: 6 darts (poison)
Press: ? - help, Q - select action, (/) - cycle Shift-Dir - straight line, f - ogre
Aim: an ogre, wielding a +0 giant club (72% to hit)
You throw a poisoned dart. The poisoned dart hits the ogre.
The ogre closely misses you.
Unknown command.
Throw: 5 darts (poison)
Press: ? - help, Q - select action, (/) - cycle Shift-Dir - straight line, f/p - ogre
Aim: an ogre, wielding a +0 giant club (72% to hit)
You throw a poisoned dart. The poisoned dart hits the ogre.
The ogre is poisoned.
Unknown command.
Throw: 4 darts (poison)
Press: ? - help, Q - select action, (/) - cycle Shift-Dir - straight line, f/p - ogre
Aim: an ogre, wielding a +0 giant club (lightly wounded, poisoned, 72% to hit)
You throw a poisoned dart. The poisoned dart hits the ogre.
The ogre looks even sicker.
The ogre is lightly wounded.
The ogre hits you with a +0 giant club!!
You die...

#########
#.......#
###.......#
#.........#
#.........#
#.........#
#...O@..#
#....>?.#
#######.#
.# #


You could see an ogre (very poisoned).

Vanquished Creatures
  An orc priest (D:3)
  4 adders (D:2)
  3 worms (D:2)
  A dart slug (D:2)
  An orc (D:3)
  2 ball pythons
  5 bats
  2 endoplasms
  2 giant cockroaches (D:1)
  4 goblins
  6 hobgoblins
  6 jackals
  5 kobolds
  A quokka (D:2)
  A frilled lizard (D:1)
  7 rats
51 creatures vanquished.

Notes
Turn   | Place    | Note
-------+----------+-------------------------------------------
     0 | Abyss:1  | xian the Ogre Abyssal Knight began the quest for the Orb.
     0 | Abyss:1  | Reached XP level 1. HP: 24/24 MP: 2/2
    65 | Abyss:1  | Noticed a wretched star
    66 | D:1      | Escaped the Abyss
   234 | D:1      | Reached XP level 2. HP: 30/33 MP: 3/3
  1086 | D:2      | Noticed a golden eye
  1086 | D:2      | Found a faded altar of an unknown god.
  1161 | D:2      | Reached skill level 5 in Fighting
  1161 | D:2      | Reached XP level 3. HP: 11/42 MP: 4/4
  1415 | D:2      | Noticed a great orb of eyes
  1415 | D:2      | Noticed an eye of devastation
  1415 | D:2      | Noticed a great orb of eyes
  1635 | D:2      | Reached XP level 4. HP: 21/50 MP: 5/5
  1993 | D:2      | Reached *** piety under Lugonu
  2352 | D:2      | Reached skill level 1 in Short Blades
  2565 | D:3      | Reached XP level 5. HP: 19/57 MP: 5/7
  2567 | D:3      | Noticed an orc warrior
  2574 | D:4      | Noticed an ogre
  2577 | D:4      | Slain by an ogre

Illustrated notes

Levels and vault maps discovered:
D:1:      ebering_trefoil_3fold, layout_basic, chequers_avenue,
          minmay_misc_feat_hallway
D:2:      layout_rooms, hellmonk_ecumenical_altar_watching_god, minmay_tall_x
D:3:      layout_basic
D:4:      layout_basic, mainiacjoe_overflow_small_starburst,
          nicolae_gozag_cash_rules_everything_around_me, uniq_menkaure,
          uniq_ijyb, uniq_pikel

Skill      XL: |  1  2  3  4 |
---------------+-------------+-----
Fighting       | 5 |  5.3
Short Blades   | 1 |  1.3
Axes           | |  2.9
Dodging        | |  2.8
Invocations    | |  2.6

Action                   |  1- 3 |  4- 6 || total
-------------------------+-------+-------++-------
Melee: Hand axe          |    30 |       ||    30
       Short sword       |    88 |    75 ||   163
Throw: Dart              |       |     3 ||     3
Invok: Depart the Abyss  |     1 |       ||     1
  Use: Scroll            |       |     6 ||     6
Armor: Robe              |    46 |    30 ||    76
Dodge: Dodged            |    81 |    62 ||   143
